 Dungeon Crawl Stone Soup version 0.20.0-1-g1cb1d84 (webtiles) character file.

60 vatarom the Shooter (level 3, -6/31 HPs)
             Began as a Centaur Hunter on May 26, 2017.
             Mangled by Sigmund
             ... wielding a cursed -3 scythe
              (10 damage)
             ... on level 2 of the Dungeon.
             The game lasted 00:07:52 (2463 turns).

vatarom the Shooter (Centaur Hunter)                Turns: 2463, Time: 00:07:53

Health: -6/31      AC:  4    Str: 15    XL:     3   Next: 80%
Magic:  3/3        EV:  9    Int: 10    God:
Gold:   61         SH:  0    Dex:  9    Spells: 2/2 levels left

rFire    . . .     SeeInvis .   a - +1 shortbow
rCold    . . .     Gourm    .   (shield currently unavailable)
rNeg     . . .     Faith    .   c - +0 leather armour
rPois    .         Spirit   .   (no helmet)
rElec    .         Reflect  .   (no cloak)
rCorr    .         Harm     .   (no gloves)
MR       .....                  (no barding)
Stlth    ..........             (no amulet)
Regen    0.1/turn               (no ring)
MPRegen  0.1/turn               (no ring)

@: confused, very quick
A: hooves 3, deformed body, speed 2, tough skin 3
a: no special abilities


You were on level 2 of the Dungeon.
You were not hungry.

You visited 1 branch of the dungeon, and saw 2 of its levels.

You collected 61 gold pieces.

Inventory:

Hand Weapons
 a - a +1 shortbow (weapon)
 b - a +0 short sword
 e - a +0 spear of freezing
Missiles
 d - 5 arrows (quivered)
Armour
 c - a +0 leather armour (worn)
Scrolls
 g - a scroll of random uselessness
Potions
 i - a potion of flight
Comestibles
 f - 2 bread rations


   Skills:
 - Level 3.4 Fighting
 + Level 6.1 Bows
 - Level 1.3 Dodging
 - Level 0.4 Stealth


You had 2 spell levels left.
You didn't know any spells.

Dungeon Overview and Level Annotations

Branches:
Dungeon (2/15)

Altars:
Cheibriados

Annotations:
D:2 Sigmund


Innate Abilities, Weirdness & Mutations

You have hooves in place of feet.
Armour fits poorly on your strangely shaped body.
You cover ground very quickly.
You have extremely tough skin. (AC +3)


Message History

The giant cockroach barely misses you.
The giant cockroach completely misses you.
You see here an arrow.
d - 4 arrows (gained 1)
The giant cockroach bites you.
Things that are here:
an arrow; a hobgoblin corpse
d - 5 arrows (gained 1)
The giant cockroach bites you.
You are confused.
Something hits you!
* * * LOW HITPOINT WARNING * * *
The giant cockroach bites you.
* * * LOW HITPOINT WARNING * * *
You clumsily bash something but do no damage.
Your kick misses something. The giant cockroach barely misses you.
Something hits you but does no damage.
The giant cockroach bites you but does no damage.
Something hits you!
You die...

...............................#.
..............###..............#.
..................#'##.........#.
...........>..........####....#..
...............†..#..............
..........#.......'..............
....###...#.##....#....###.......
.......####.##.s..#.....##.....##
..........#.##..@.#.....#........
(......##+#.......#..............
.....###....###....##............
.....# #......#....##..........##
....## #...{..'...........#<.....
#...# ##....(#....#####..#K##...
#...### #.....#....# ##.#......
#.....###.....#....######.###....
#.....##...............##.#......


You could see a giant cockroach.

Vanquished Creatures
  An adder (D:2)
  A worm (D:2)
  2 dart slugs
  3 leopard geckos (D:2)
  6 bats
  3 giant cockroaches (D:2)
  6 hobgoblins
  A ball python (D:1)
  2 frilled lizards (D:2)
  6 goblins
  4 kobolds
  4 rats
39 creatures vanquished.

Notes
Turn   | Place    | Note
-------+----------+-------------------------------------------
     0 | D:1      | vatarom the Centaur Hunter began the quest for the Orb.
     0 | D:1      | Reached XP level 1. HP: 17/17 MP: 1/1
   260 | D:1      | Reached XP level 2. HP: 25/25 MP: 2/2
   690 | D:2      | Reached XP level 3. HP: 30/31 MP: 3/3
  1100 | D:2      | Reached skill level 6 in Bows
  1119 | D:2      | Found a snail-covered altar of Cheibriados.
  1244 | D:2      | Noticed Sigmund
  2463 | D:2      | Mangled by Sigmund

Skill      XL: |  1  2  3 |
---------------+----------+-----
Fighting       | 3 |  3.4
Bows           | 6 |  6.1
Dodging        | |  1.3
Stealth        | |  0.4

Action                   || total
-------------------------++-------
Melee: Short sword       ||    19
       Kick              ||     5
       Spear             ||    14
       Shortbow          ||     1
 Fire: Shortbow          ||   121
  Use: Potion            ||    11
       Scroll            ||     4
  Eat: Bread ration      ||     1
Armor: Leather armour    ||    28
Dodge: Dodged            ||    47
